 Dungeon Sprint DCSS version 0.28-a0-1234-g826d19b2e0 (webtiles) character file.

Game seed: 5374111940812397746

140 rocky1 the Skirmisher (level 5, -2/85 (91) HPs)
             Began as an Ogre Hunter on Dec 24, 2021.
             Was a Follower of Okawaru.
             Slain by a wight (8 damage)
             ... in the Dungeon (Sprint VII: "The Pits").
             The game lasted 00:02:28 (707 turns).

rocky1 the Skirmisher (Ogre Hunter)                  Turns: 707, Time: 00:02:28

HP:   -2/85 (91)    AC:  3    Str: 16    XL:     5   Next: 23%
MP:   8/8           EV: 11    Int: 12    God:    Okawaru [*.....]
Gold: 0             SH:  0    Dex: 11    Spells: 4/4 levels left

rFire   . . .      SeeInvis .   p - +0 hand axe (vorpal)
rCold   . . .      Faith    .   (no shield)
rNeg    . . .      Spirit   .   b - +0 robe
rPois   .          Reflect  .   (helmet restricted)
rElec   .          Harm     .   (no cloak)
rCorr   .          Rampage  .   (gloves unavailable)
Will    .....      NoTele   +   (boots unavailable)
Stlth   ..........              (no amulet)
HPRegen 0.24/turn               (no ring)
MPRegen 0.11/turn               (no ring)

@: berserking, drained, very quick
A: large, unfitting armour, tough skin 1
a: Renounce Religion, Heroism


You were in the Dungeon.
You worshipped Okawaru.
Okawaru was aware of your devotion.
You visited 1 branch

Inventory:

Hand Weapons
 a - a +2 long sword of flaming
 o - a +1 mace of protection
 p - a +0 vorpal hand axe (weapon)
Missiles
 c - 5 large rocks (quivered)
 d - 2 throwing nets
Armour
 b - a +0 robe (worn)
Scrolls
 j - a scroll of blinking
 l - 5 scrolls of amnesia
 m - a scroll of summoning
Potions
 e - 6 potions of curing
 f - 4 potions of heal wounds
 g - a potion of haste
 h - 4 potions of magic
 i - a potion of berserk rage
 k - a potion of invisibility


   Skills:
 + Level 6.4 Fighting
 + Level 3.7 Short Blades
 + Level 6.0 Throwing
 + Level 4.4 Dodging
 - Level 0.6 Stealth
 + Level 4.5 Invocations


You had 4 spell levels left.
You didn't know any spells.
Your spell library was empty.

Dungeon Overview and Level Annotations

Branches:
Dungeon (1/1)

Altars:
Ashenzari
Cheibriados
Dithmenos
Elyvilon
Fedhas
Gozag
Hepliaklqana
Kikubaaqudgha
Makhleb
Nemelex Xobeh
Okawaru
Qazlal
Ru
Sif Muna
Trog
Uskayaw
Vehumet
Wu Jian
Xom
Yredelemnul
Zin
The Shining One
Beogh
Jiyva
Lugonu


Innate Abilities, Weirdness & Mutations

You are too large for most types of armour.
You have tough skin. (AC +1)


Message History

You feel drained. The wight freezes you.
Unknown command.
You closely miss the wight.
The wight is lightly damaged.
The wight barely misses you.
The wight hits you with a +4 mace of freezing!
* * * LOW HITPOINT WARNING * * *
The wight freezes you.
* * * LOW HITPOINT WARNING * * *
The wight closely misses you.
You feel much better.
The wight hits you with a +4 mace of freezing.
The wight freezes you. The wight closely misses you.
Unknown command.
A red film seems to cover your vision as you go berserk!
You feel yourself moving faster!
You feel mighty! The wight misses you. x2
You closely miss the wight.
The wight is lightly damaged.
You flicker back into view.
The wight hits you with a +4 mace of freezing!
* * * LOW HITPOINT WARNING * * *
You feel drained.
* * * LOW HITPOINT WARNING * * *
The wight freezes you.
* * * LOW HITPOINT WARNING * * *
The wight misses you.
You barely miss the wight.
The wight is lightly damaged.
The wight hits you with a +4 mace of freezing!
* * * LOW HITPOINT WARNING * * *
The wight freezes you.
* * * LOW HITPOINT WARNING * * *
You hit the wight but do no damage.
The wight is lightly damaged.
The wight closely misses you. x2
You barely miss the wight.
The wight is lightly damaged.
The wight barely misses you.
The wight hits you with a +4 mace of freezing!
You die...

#_________.#
#_______...#######
##########'##.....
#.?(.')))'.##.....
##########.##.....
#...........'.....
#'#####)#####.....
#.#..#...'.##.....
#@#..#...#.#####'#
#z#..#####)##.....
#z#..'...#.##.....
#z#..'...).##.....
#o#..########...<.
#z#.†'.)))[##.....
#5#..#..).[##.....
#'###########.....
#...zzz.# ######


You could see 4 wights, an orc and an ufetubus.

Vanquished Creatures
  An ogre (D)
  A crimson imp (D)
  An adder (D)
  An orc (D)
  3 goblins (D)
  2 frilled lizards (D)
  A kobold (D)
10 creatures vanquished.

Notes
Turn   | Place    | Note
-------+----------+-------------------------------------------
     0 | D        | rocky1 the Ogre Hunter began the quest for the Orb.
     0 | D        | Reached XP level 1. HP: 22/22 MP: 1/1
    44 | D        | Found a bloodstained altar of Trog.
    44 | D        | Found a shimmering blue altar of Sif Muna.
    44 | D        | Found a viscous altar of Jiyva.
    44 | D        | Found a hazy altar of Hepliaklqana.
    44 | D        | Found an opulent altar of Gozag.
    45 | D        | Found a glowing golden altar of the Shining One.
    45 | D        | Found a glowing silver altar of Zin.
    45 | D        | Found a basalt altar of Yredelemnul.
    45 | D        | Found a shimmering altar of Xom.
    45 | D        | Found an ornate altar of the Wu Jian Council.
    45 | D        | Found a sacrificial altar of Ru.
    45 | D        | Found a stormy altar of Qazlal.
    45 | D        | Found an iron altar of Okawaru.
    45 | D        | Found a sparkling altar of Nemelex Xobeh.
    45 | D        | Found a burning altar of Makhleb.
    45 | D        | Found a blossoming altar of Fedhas.
    45 | D        | Found a white marble altar of Elyvilon.
    45 | D        | Found a shadowy altar of Dithmenos.
    45 | D        | Found a snail-covered altar of Cheibriados.
    48 | D        | Found a corrupted altar of Lugonu.
    48 | D        | Found a radiant altar of Vehumet.
    49 | D        | Found an ancient bone altar of Kikubaaqudgha.
    49 | D        | Found a hide-covered altar of Uskayaw.
    49 | D        | Found a broken altar of Ashenzari.
    53 | D        | Became a worshipper of Warmaster Okawaru
   185 | D        | Reached skill level 1 in Invocations
   260 | D        | Noticed an ogre
   271 | D        | Reached skill level 1 in Short Blades
   271 | D        | Reached XP level 2. HP: 31/31 MP: 2/2
   274 | D        | HP: 2/46 [ogre (26)]
   275 | D        | Killed an ogre
   275 | D        | Reached * piety under Okawaru
   276 | D        | Reached skill level 5 in Fighting
   276 | D        | Reached skill level 5 in Throwing
   276 | D        | Reached XP level 3. HP: 3/44 MP: 2/5
   276 | D        | Reached XP level 4. HP: 3/52 MP: 2/6
   694 | D        | Reached XP level 5. HP: 42/61 MP: 8/8
   707 | D        | Slain by a wight

Illustrated notes

Levels and vault maps discovered:
D:        pitsprint [storerooms_1, entrance_room_1, metal_vault_6, armoury_1,
          mini_pit_1, grid_room_1, main_hall_1, silver_pit, the_coven_1,
          the_vestibule_1, steel_vault_5, golden_pit, hallway_of_sentries,
          crystal_vault_5, iron_vault_4, final_vault]

Skill      XL: |  1  2  3  4 |
---------------+-------------+-----
Fighting       | 3 5 6 |  6.4
Dodging        | 2 4 |  4.4
Invocations    | 1 3 4 |  4.5
Short Blades   | 1 3 |  3.7
Throwing       | 5 6 |  6.0
Stealth        | |  0.6

Action                   |  1- 3 |  4- 6 || total
-------------------------+-------+-------++-------
Melee: Hand axe          |    16 |    28 ||    44
       Short sword       |     1 |       ||     1
  Use: Potion            |     1 |     4 ||     5
 Stab: Sleeping          |     1 |       ||     1
       Invisible         |       |     2 ||     2
Armor: Robe              |     2 |     4 ||     6
Dodge: Dodged            |     4 |    29 ||    33

Table legend: (Time is in decaauts)
 A = Elapsed time spent in this place.
 B = Non-inter-level travel time spent in this place.
 C = Inter-level travel time spent in this place.
 D = Time resting spent in this place.
 E = Time spent auto-exploring this place.
 F = Levels seen in this place.
 G = Mean time per level.
                   A        B        C        D        E       F      G
               +--------+--------+--------+--------+--------+-----+--------+
         Total |    726 |    726 |      0 |    489 |      0 |   1 |  726.0 |
       Dungeon |    726 |    726 |      0 |    489 |      0 |   1 |  726.0 |
               +--------+--------+--------+--------+--------+-----+--------+

Top non-repeatable levels by time:
       D: 726 daAuts
